 Dungeon Crawl Stone Soup version 0.31-a0-844-gdc52ec4e09 (webtiles) character file.

Game seed: 5976554696277022351

364 miscthings the Twirler (level 6, -1/44 HPs)
             Began as a Gnoll Wanderer on Sept 29, 2023.
             Slain by a gnoll
             ... wielding a +2 flail of holy wrath
              (9 damage)
             ... on level 4 of the Dungeon.
             The game lasted 00:04:47 (1531 turns).

miscthings the Twirler (Gnoll Wanderer)             Turns: 1531, Time: 00:04:47

Health: -1/44      AC:  2    Str: 12    XL:     6   Next: 67%
Magic:  9/9        EV: 12    Int:  9    God:
Gold:   137        SH:  0    Dex: 15    Spells: 9/9 levels left

rFire   + . .        a - +2 quarterstaff
rCold   + . .        (shield currently unavailable)
rNeg    + . .        e - +0 robe {rC+ rF+}
rPois   +            (no helmet)
rElec   .            (no cloak)
rCorr   .            (no gloves)
SInv    .            (no boots)
Will    .....        (no amulet)
Stlth   +++          m - ring of positive energy
HPRegen 0.27/turn    d - ring of poison resistance
MPRegen 0.11/turn

%: no passive effects
@: no status effects
A: fangs 1, strong nose, distributed training
a: no special abilities


You were on level 4 of the Dungeon.
You visited 1 branch of the dungeon, and saw 4 of its levels.

You collected 137 gold pieces.

Inventory:

Hand Weapons
 a - a +2 quarterstaff (weapon)
Missiles
 c - 12 poisoned darts (quivered)
Armour
 e - a +0 robe of resistance (worn)
 f - a +0 leather armour
Jewellery
 d - a ring of poison resistance (right hand)
 m - a ring of positive energy (left hand)
Scrolls
 b - a scroll of brand weapon {unknown}
 h - a scroll of identify {@r1}
 i - a scroll of fog {unknown}
 j - 2 scrolls of teleportation
 l - a scroll of poison {unknown}
 o - a scroll of immolation
 q - a scroll of enchant weapon {unknown}
Potions
 g - 3 potions of lignification
 k - a potion of invisibility
 n - a potion of attraction {unknown}
 p - a potion of ambrosia {unknown}
 r - a potion of curing


   Skills:
 + Level 2.1 Fighting
 + Level 6.9 Short Blades
 + Level 2.1 Long Blades
 + Level 2.1 Axes
 + Level 2.1 Maces & Flails
 + Level 2.1 Polearms
 + Level 6.9 Staves
 + Level 2.1 Ranged Weapons
 + Level 5.0 Throwing
 + Level 2.1 Armour
 + Level 2.1 Dodging
 + Level 4.7 Stealth
 + Level 2.1 Shields
 + Level 2.1 Unarmed Combat
 + Level 2.1 Spellcasting
 + Level 1.6 Conjurations
 + Level 1.6 Hexes
 + Level 1.6 Summonings
 + Level 1.6 Necromancy
 + Level 1.6 Translocations
 + Level 1.6 Transmutations
 + Level 1.6 Fire Magic
 + Level 1.6 Ice Magic
 + Level 1.6 Air Magic
 + Level 1.6 Earth Magic
 + Level 1.6 Poison Magic
 + Level 2.3 Invocations
 + Level 2.1 Evocations
 + Level 1.9 Shapeshifting


You had 9 spell levels left.
You didn't know any spells.
Your spell library contained the following spells:

 Spells                   Type           Power      Damage    Failure   Level
 Sandblast                Erth           6%         2d5       17%         1
 Blink                    Tloc           6%         N/A       26%         2
 Cigotuvi's Dreadful Rot  Necr/Pois/Air  6%         N/A       26%         2
 Passwall                 Tmut/Erth      2%         N/A       26%         2
 Stone Arrow              Conj/Erth      6%         3d7       45%         3
 Volatile Blastmotes      Fire/Tloc      6%         2d10      45%         3
 Brom's Barrelling Bould  Conj/Erth      3%         2d3       86%         4
 Dispel Undead            Necr           3%         3d7       86%         4
 Fulminant Prism          Conj/Hex       1%         3d5       86%         4
 Iskenderun's Mystic Bla  Conj/Tloc      3%         2d3       86%         4
 Manifold Assault         Tloc           3%         N/A       86%         4
 Death Channel            Necr           1%         N/A       100%        6


Dungeon Overview and Level Annotations

Branches:
Dungeon (4/15)
 Temple: D:4-7

Altars:

Shops:
D:1 [=:(


Innate Abilities, Weirdness & Mutations

You have very sharp teeth.
Your uncanny sense of smell can sniff out nearby items.
Your experience applies equally to all skills.


Message History

Your Fighting skill increases to level 2!
Your Long Blades skill increases to level 2!
Your Axes skill increases to level 2!
Your Maces & Flails skill increases to level 2!
Your Polearms skill increases to level 2!
Your Ranged Weapons skill increases to level 2!
Your Throwing skill increases to level 5!
Your Armour skill increases to level 2!
Your Dodging skill increases to level 2!
Your Shields skill increases to level 2!
Your Unarmed Combat skill increases to level 2!
Your Spellcasting skill increases to level 2!
Your Evocations skill increases to level 2!
The gnoll shouts!
The gnoll throws a throwing net.
The throwing net hits you.
You become entangled in the net!
You see here a throwing net.
You struggle against the net.
You struggle against the net.
You shred the net and break free!
A gnoll comes into view.
It is wielding a +2 flail of holy wrath.
The gnoll hits you with a +0 spear.
You closely miss the gnoll. The gnoll hits you with a +0 spear.
You barely miss the gnoll. The gnoll hits you with a +0 spear.
You sock the gnoll!
The gnoll is heavily wounded.
The gnoll hits you with a +0 spear.
You completely miss the gnoll.
The gnoll is heavily wounded.
The gnoll hits you with a +0 spear!
You sock the gnoll!
You kill the gnoll!
You hit the gnoll.
The gnoll is moderately wounded.
The gnoll hits you with a +2 flail of holy wrath!
* * * LOW HITPOINT WARNING * * *
You barely miss the gnoll. Your bite misses the gnoll.
The gnoll is moderately wounded.
The gnoll hits you with a +2 flail of holy wrath!
You die...

#............#
#........##..###
#........##....##
##.......###.#..##
#.......###.##..#
#........(...##.h..
####.........###...
######.........#
###
#...@g........## ∆
#.#############
#............#
############.# #


You could see a gnoll.

Vanquished Creatures
  Sigmund (D:2)
  A black bear (D:4)
  An orc priest (D:2)
  3 gnolls (D:4)
  An adder (D:4)
  A worm (D:2)
  4 orcs (D:2)
  2 bats (D:1)
  4 endoplasms
  A giant cockroach (D:2)
  4 goblins
  5 hobgoblins
  4 jackals (D:1)
  2 quokkas
  2 ball pythons (D:1)
  4 frilled lizards
  3 kobolds
  5 rats
48 creatures vanquished.

Notes
Turn   | Place    | Note
-------+----------+-------------------------------------------
     0 | D:1      | miscthings the Gnoll Wanderer began the quest for the Orb.
     0 | D:1      | miscthings set off with the following items: a +2
                  | quarterstaff, a +0 short sword, 12 poisoned darts, a +0
                  | dagger, a potion of curing, a +0 leather armour.
     0 | D:1      | Reached XP level 1. HP: 13/13 MP: 1/1
    62 | D:1      | Reached XP level 2. HP: 19/19 MP: 2/2
    70 | D:1      | Found Cauvvaasu's Book Boutique.
   116 | D:1      | Found Jozxel's Weapon Shoppe.
   285 | D:1      | Found Houleat's Antique Armour Shop.
   323 | D:1      | Found Baci's Jewellery Emporium.
   360 | D:1      | Reached XP level 3. HP: 25/25 MP: 3/3
   808 | D:2      | Noticed Sigmund
   831 | D:2      | Killed Sigmund
   832 | D:2      | Reached skill level 1 in Fighting
   832 | D:2      | Reached skill level 1 in Long Blades
   832 | D:2      | Reached skill level 1 in Axes
   832 | D:2      | Reached skill level 1 in Maces & Flails
   832 | D:2      | Reached skill level 1 in Polearms
   832 | D:2      | Reached skill level 1 in Ranged Weapons
   832 | D:2      | Reached skill level 1 in Armour
   832 | D:2      | Reached skill level 1 in Dodging
   832 | D:2      | Reached skill level 1 in Shields
   832 | D:2      | Reached skill level 1 in Unarmed Combat
   832 | D:2      | Reached skill level 1 in Spellcasting
   832 | D:2      | Reached skill level 1 in Conjurations
   832 | D:2      | Reached skill level 1 in Hexes
   832 | D:2      | Reached skill level 1 in Summonings
   832 | D:2      | Reached skill level 1 in Necromancy
   832 | D:2      | Reached skill level 1 in Translocations
   832 | D:2      | Reached skill level 1 in Transmutations
   832 | D:2      | Reached skill level 1 in Fire Magic
   832 | D:2      | Reached skill level 1 in Ice Magic
   832 | D:2      | Reached skill level 1 in Air Magic
   832 | D:2      | Reached skill level 1 in Earth Magic
   832 | D:2      | Reached skill level 1 in Poison Magic
   832 | D:2      | Reached skill level 1 in Invocations
   832 | D:2      | Reached skill level 1 in Evocations
   832 | D:2      | Reached skill level 1 in Shapeshifting
   832 | D:2      | Reached XP level 4. HP: 6/32 MP: 4/6
   832 | D:2      | Reached XP level 5. HP: 8/37 MP: 4/7
  1062 | D:2      | Found a faded altar of an unknown god.
  1172 | D:2      | Reached XP level 6. HP: 16/44 MP: 8/8
  1478 | D:4      | Noticed a black bear
  1500 | D:4      | Killed a black bear
  1501 | D:4      | Reached skill level 5 in Throwing
  1531 | D:4      | Slain by a gnoll

Illustrated notes

Levels and vault maps discovered:
D:1:      dpeg_arrival_arbitrary_b, layout_basic, serial_shops, shop, shop,
          shop, nicolae_diamond_shop
D:2:      cheibrodos_pilgrimage, layout_rooms,
          hellmonk_ecumenical_altar_blasted, uniq_sigmund
D:3:      layout_basic, uniq_crazy_yiuf_cottage
D:4:      layout_basic, uniq_grinder, uniq_eustachio

Skill      XL: |  1  2  3  4  5  6 |
---------------+-------------------+-----
Fighting       | 1 2 |  2.1
Long Blades    | 1 2 |  2.1
Axes           | 1 2 |  2.1
Maces & Flails | 1 2 |  2.1
Polearms       | 1 2 |  2.1
Ranged Weapons | 1 2 |  2.1
Armour         | 1 2 |  2.1
Dodging        | 1 2 |  2.1
Shields        | 1 2 |  2.1
Unarmed Combat | 1 2 |  2.1
Spellcasting   | 1 2 |  2.1
Conjurations   | 1 |  1.6
Hexes          | 1 |  1.6
Summonings     | 1 |  1.6
Necromancy     | 1 |  1.6
Translocations | 1 |  1.6
Transmutations | 1 |  1.6
Fire Magic     | 1 |  1.6
Ice Magic      | 1 |  1.6
Air Magic      | 1 |  1.6
Earth Magic    | 1 |  1.6
Poison Magic   | 1 |  1.6
Invocations    | 1 2 |  2.3
Evocations     | 1 2 |  2.1
Shapeshifting  | 1 |  1.9
Throwing       | 5 |  5.0
Short Blades   | |  6.9
Staves         | |  6.9
Stealth        | |  4.7

Action                     |  1- 3 |  4- 6 || total
---------------------------+-------+-------++-------
  Melee: Quarterstaff      |    57 |    39 ||    96
         Bite              |     4 |     2 ||     6
  Throw: Dart              |    17 |    10 ||    27
    Use: Potion            |     1 |       ||     1
         Scroll            |       |     6 ||     6
   Stab: Sleeping          |     7 |     1 ||     8
 Armour: Leather armour    |    30 |     1 ||    31
         Robe              |       |    24 ||    24
  Dodge: Dodged            |    24 |    18 ||    42

Table legend: (Time is in decaauts)
 A = Elapsed time spent in this place.
 B = Non-inter-level travel time spent in this place.
 C = Inter-level travel time spent in this place.
 D = Time resting spent in this place.
 E = Time spent auto-exploring this place.
 F = Levels seen in this place.
 G = Mean time per level.
                   A        B        C        D        E       F      G
               +--------+--------+--------+--------+--------+-----+--------+
         Total |   1520 |   1464 |     56 |    103 |    944 |   4 |  380.0 |
       Dungeon |   1520 |   1464 |     56 |    103 |    944 |   4 |  380.0 |
               +--------+--------+--------+--------+--------+-----+--------+

Top non-repeatable levels by time:
     D:1: 702 daAuts
     D:2: 563 daAuts
     D:4: 156 daAuts
     D:3: 97 daAuts
